[Event "Titled Tuesday Blitz May 9 Early 2023"]
[White "Panda Sambit"]
[Black "Thomas, Anysia"]
[WhiteFideId "25091794"]
[BlackFideId "670472"]
[WhiteElo "2272"]
[BlackElo "2091"]
[Result "1-0"]
[Round "05"]
[TimeControl "180+2"]
[Date "2023.05.09"]
[WhiteClock "0:00:12"]
[BlackClock "0:00:00"]

1. c4 g6 2. Nf3 Bg7 3. Nc3 c5 4. g3 Nc6 5. Bg2 e6 6. O-O Nge7 7. b3 O-O 8. Bb2 d5 9. e3 b6 10. Rb1 Bb7 11. Qe2 Re8 12. d3 Nf5 13. Rfd1 Rb8 14. Ne1 d4 15. Ne4 Nd6 16. Nc2 Nxe4 17. Bxe4 f5 18. Bg2 e5 19. Bd5+ Kh8 20. e4 Qf6 21. a3 f4 22. Ne1 Rf8 23. Kg2 Bc8 24. f3 Ne7 25. b4 Nxd5 26. cxd5 Qg5 27. Bc1 Qh5 28. bxc5 Qh3+ 29. Kg1 fxg3 30. hxg3 Qxg3+ 31. Qg2 Qh4 32. Bg5 Qh5 33. c6 Bh3 34. Qg3 h6 35. Bh4 g5 36. Qxh3 gxh4 37. Rb2 Bf6 38. Rg2 Bg5 39. Rg4 Be3+ 40. Kh1 Rg8 41. Ng2 Rbf8 42. Rxh4 Qxf3 43. Qxf3 Rxf3 44. Nxe3 Rxe3 45. d6 Rg6 46. d7 1-0


[Site "https://www.chess.com"]

[Event "Titled Tuesday Blitz May 9 Early 2023"]
[White "Jiganchine, Roman"]
[Black "Avazkhonov, Alikhon"]
[WhiteFideId "2603667"]
[BlackFideId "14208504"]
[WhiteElo "2273"]
[BlackElo "1739"]
[Result "0-1"]
[Round "05"]
[TimeControl "180+2"]
[Date "2023.05.09"]
[WhiteClock "0:00:14"]
[BlackClock "0:00:14"]

1. e4 c5 2. Nf3 d6 3. Bb5+ Nd7 4. a4 a6 5. Be2 Ngf6 6. Nc3 e6 7. d4 cxd4 8. Qxd4 Be7 9. O-O O-O 10. Nd2 b6 11. Nc4 Qc7 12. Rd1 Rd8 13. h3 Bb7 14. Be3 Nc5 15. a5 b5 16. Nb6 Rab8 17. f3 d5 18. e5 Nfd7 19. Nxd7 Nxd7 20. b4 Rbc8 21. Ra3 Nxe5 22. Bf4 Bd6 23. Bxb5 Nxf3+ 24. gxf3 Bxf4 25. Be2 Be5 26. Qd3 Bxc3 27. b5 Qc5+ 28. Kg2 Qxa3 29. bxa6 Ba8 30. Rg1 Bb4 31. Qd4 Bc5 32. Qg4 Bxg1 33. Kxg1 Qe3+ 34. Kf1 d4 0-1


[Site "https://www.chess.com"]

[Event "Titled Tuesday Blitz May 9 Early 2023"]
[White "Gurevich, Dmitry"]
[Black "Abrosimov, Vladimir"]
[WhiteFideId "2000407"]
[BlackFideId "4166892"]
[WhiteElo "2506"]
[BlackElo "2336"]
[Result "1-0"]
[Round "05"]
[TimeControl "180+2"]
[Date "2023.05.09"]
[WhiteClock "0:00:21"]
[BlackClock "0:00:16"]

1. d4 Nf6 2. c4 c5 3. Nf3 cxd4 4. Nxd4 Nc6 5. Nc3 d6 6. e4 g6 7. Be2 Bg7 8. Be3 O-O 9. Nc2 a6 10. O-O Ne5 11. f3 Qc7 12. Na3 Be6 13. Rc1 Rac8 14. Nd5 Bxd5 15. cxd5 Qb8 16. Qa4 Rxc1 17. Rxc1 Rc8 18. Rxc8+ Qxc8 19. Qc2 Qxc2 20. Nxc2 Ned7 21. b3 Ne8 22. Kf1 Nc7 23. Ke1 Nb5 24. Kd2 Nc3 25. a4 Nxe2 26. Kxe2 Kf8 27. Kd3 Ne5+ 28. Kd2 Ke8 29. h3 Nd7 30. Na3 Kd8 31. Nc4 Kc7 32. g4 Ne5 33. Nxe5 Bxe5 34. Kd3 Bg7 35. Kc4 Be5 36. b4 Bg7 37. b5 axb5+ 38. Kxb5 e6 39. Bg5 exd5 40. exd5 h5 41. gxh5 gxh5 42. Be3 Be5 43. Bb6+ Kd7 44. Kc4 f5 45. Kd3 Ke7 46. Bf2 Kd7 47. Be1 Ke7 48. Ba5 Kd7 49. Bb6 Ke7 50. Ke2 Kd7 51. Ke3 Ke7 52. Bd4 Kf6 53. f4 Bxd4+ 54. Kxd4 Ke7 55. Kc4 Kd7 56. Kb5 Kc7 57. Ka5 b6+ 58. Ka6 h4 59. Ka7 Kc8 60. Kxb6 Kb8 61. Kc6 Ka7 62. Kxd6 Ka6 63. Ke7 Kb7 64. d6 Kc6 65. d7 Kb7 66. d8=Q Ka7 1-0


[Site "https://www.chess.com"]

[Event "Titled Tuesday Blitz May 9 Early 2023"]
[White "Tsyhanchuk, Stanislav"]
[Black "Jimenez Almeida, Luis David"]
[WhiteFideId "13505130"]
[BlackFideId "22242244"]
[WhiteElo "2173"]
[BlackElo "2245"]
[Result "0-1"]
[Round "05"]
[TimeControl "180+2"]
[Date "2023.05.09"]
[WhiteClock "0:00:12"]
[BlackClock "0:00:27"]

1. c4 f5 2. Nc3 Nf6 3. g3 g6 4. Bg2 Bg7 5. d3 O-O 6. e4 d6 7. Nge2 Nc6 8. O-O e5 9. h3 Kh8 10. Be3 Be6 11. Nd5 Qd7 12. Kh2 Rae8 13. Qd2 Nh5 14. Rab1 Nd8 15. Bh6 c6 16. Bxg7+ Qxg7 17. Ndc3 f4 18. Ng1 Qh6 19. Rbd1 Nf6 20. Nf3 g5 21. Kg1 g4 22. hxg4 Bxg4 23. d4 Bxf3 24. Bxf3 Ne6 25. dxe5 dxe5 26. Ne2 Ng5 27. Qc3 Rg8 28. Rd7 Nxd7 0-1


[Site "https://www.chess.com"]

[Event "Titled Tuesday Blitz May 9 Early 2023"]
[White "Redzisz, Michal"]
[Black "Rodriguez Santiago, Jaime"]
[WhiteFideId "21816107"]
[BlackFideId "3100898"]
[WhiteElo "2175"]
[BlackElo "2025"]
[Result "1-0"]
[Round "05"]
[TimeControl "180+2"]
[Date "2023.05.09"]
[WhiteClock "0:00:17"]
[BlackClock "0:00:26"]

1. e4 c6 2. c4 d5 3. cxd5 cxd5 4. exd5 Nf6 5. Qa4+ Nbd7 6. Nc3 g6 7. g3 Bg7 8. Bg2 O-O 9. Nge2 Nb6 10. Qb3 Re8 11. O-O Bg4 12. Nf4 g5 13. Nd3 h6 14. Ne5 Bf5 15. d4 Nfd7 16. f4 Nxe5 17. fxe5 Bd3 18. Rf2 Bc4 19. Qc2 Nxd5 20. Ne4 Rc8 21. Nc5 Bb5 22. Qf5 Rf8 23. Be4 Re8 24. Qh7+ Kf8 25. Ne6# 1-0


[Site "https://www.chess.com"]

[Event "Titled Tuesday Blitz May 9 Early 2023"]
[White "Wessendorf, Thomas, Dr."]
[Black "Garakov, Mikhael"]
[WhiteFideId "4604270"]
[BlackFideId "4169034"]
[WhiteElo "2280"]
[BlackElo "2347"]
[Result "0-1"]
[Round "05"]
[TimeControl "180+2"]
[Date "2023.05.09"]
[WhiteClock "0:00:18"]
[BlackClock "0:01:02"]

1. e4 c5 2. Nf3 e6 3. d3 Nc6 4. g3 g6 5. Bg2 Bg7 6. O-O d5 7. Re1 Nf6 8. Nbd2 O-O 9. c3 a5 10. a4 b6 11. Qc2 Ba6 12. Bf1 Rc8 13. Nb1 e5 14. Na3 Re8 15. Bg5 h6 16. Bxf6 Bxf6 17. Rad1 Qd7 18. Bg2 Bb7 19. exd5 Qxd5 20. Nxe5 Qxg2+ 21. Kxg2 Nd4+ 22. f3 Nxc2 23. Nxc2 Rxe5 24. Rxe5 Bxe5 25. Re1 Bf6 26. Kf2 Bc6 0-1


[Site "https://www.chess.com"]

[Event "Titled Tuesday Blitz May 9 Early 2023"]
[White "Qiao, Cindy"]
[Black "Garrido, Denis"]
[WhiteFideId "2620243"]
[BlackFideId "601217"]
[WhiteElo "1777"]
[BlackElo "2254"]
[Result "1-0"]
[Round "05"]
[TimeControl "180+2"]
[Date "2023.05.09"]
[WhiteClock "0:00:09"]
[BlackClock "0:00:00"]

1. d4 Nf6 2. Bf4 g6 3. Nc3 Bg7 4. e4 d6 5. Qd2 h5 6. h4 c6 7. O-O-O b5 8. f3 Qa5 9. Kb1 b4 10. Nce2 Nfd7 11. g4 hxg4 12. fxg4 Ba6 13. Nc1 Bxf1 14. Rxf1 c5 15. Be3 Nc6 16. Qf2 O-O 17. Nge2 cxd4 18. Nxd4 Nxd4 19. Bxd4 Ne5 20. Qg2 Rfc8 21. g5 Rab8 22. Nb3 Qc7 23. h5 a5 24. hxg6 Nxg6 25. Bxg7 Kxg7 26. Nd4 a4 27. Nf5+ Kf8 28. Qh2 Ke8 29. Ng7+ Kd7 30. Qh3+ Kc6 31. Qg2 Kb6 32. Rxf7 a3 33. Qf2+ Ka6 34. Ne6 Qd7 35. Qe2+ Ka7 36. Nd4 Ne5 37. Rf2 axb2 38. Qe3 Ka8 39. Qb3 Nc4 40. Nf5 Na3+ 41. Kxb2 Rc3 42. Qd5+ Ka7 43. Qa5+ Kb7 44. Ka1 Nxc2+ 45. Rxc2 Rxc2 46. Qxb4+ Kc8 47. Rh8+ Kc7 48. Qxb8+ Kc6 49. Rc8+ 1-0


[Site "https://www.chess.com"]

[Event "Titled Tuesday Blitz May 9 Early 2023"]
[White "Clawitter, Craig"]
[Black "Rios Escobar, Adan"]
[WhiteFideId "2023105"]
[BlackFideId "3403645"]
[WhiteElo "2245"]
[BlackElo "2418"]
[Result "0-1"]
[Round "05"]
[TimeControl "180+2"]
[Date "2023.05.09"]
[WhiteClock "0:00:01"]
[BlackClock "0:00:18"]

1. e4 c5 2. Nf3 d6 3. d4 cxd4 4. Nxd4 Nf6 5. Nc3 a6 6. Be3 e5 7. Nb3 Be7 8. f3 Be6 9. Qd2 h5 10. Nd5 Nxd5 11. exd5 Bf5 12. Be2 a5 13. O-O a4 14. Nc1 a3 15. b3 Nd7 16. c4 Qa5 17. Bd3 Qxd2 18. Bxd2 g6 19. Bxf5 gxf5 20. Nd3 Bf6 21. Bb4 Ra6 22. Rac1 Bg5 23. f4 exf4 24. Nxf4 Ke7 25. Rce1+ Kf6 26. Nd3 Ne5 27. Nxe5 dxe5 28. c5 h4 29. d6 h3 30. g3 Rd8 31. Rf3 Ke6 32. Rc3 Bd2 33. Ree3 Bxe3+ 34. Rxe3 f6 35. Kf2 Kd5 36. Rd3+ Kc6 37. Kf3 Kb5 0-1


[Site "https://www.chess.com"]

[Event "Titled Tuesday Blitz May 9 Early 2023"]
[White "Topalov, Aleksandar"]
[Black "Botez, Alexandra"]
[WhiteFideId "925659"]
[BlackFideId "2603365"]
[WhiteElo "2151"]
[BlackElo "2040"]
[Result "0-1"]
[Round "05"]
[TimeControl "180+2"]
[Date "2023.05.09"]
[WhiteClock "0:02:11"]
[BlackClock "0:01:56"]

1. b3 d5 2. Bb2 c5 3. e3 Nc6 4. Bb5 Nf6 5. Nf3 Bd7 6. O-O a6 7. Bxc6 Bxc6 8. Ne5 Qc7 9. a4 e6 10. a5 Bd6 11. f4 O-O 12. d3 Be8 13. Nd2 Nd7 14. Qh5 f6 15. Qh3 fxe5 16. fxe5 Bxe5 17. Qxe6+ Bf7 18. Rxf7 Rxf7 19. Rf1 Rf8 20. Qxd5 Bxb2 0-1


[Site "https://www.chess.com"]

[Event "Titled Tuesday Blitz May 9 Early 2023"]
[White "Spaqi, Wilson"]
[Black "Srdanovic, Jovana"]
[WhiteFideId "2053888"]
[BlackFideId "954810"]
[WhiteElo "2414"]
[BlackElo "2169"]
[Result "0-1"]
[Round "05"]
[TimeControl "180+2"]
[Date "2023.05.09"]
[WhiteClock "0:00:23"]
[BlackClock "0:00:10"]

1. d4 d5 2. Bg5 Nf6 3. Nd2 c5 4. e3 Nc6 5. Ngf3 cxd4 6. exd4 Bg4 7. c3 e6 8. h3 Bh5 9. Qb3 Qc7 10. Bf4 Bd6 11. Bxd6 Qxd6 12. Qxb7 Rb8 13. Qa6 Rb6 14. Qa4 O-O 15. b4 Ne4 16. Rc1 e5 17. a3 Nxd2 18. Kxd2 Bxf3 19. gxf3 exd4 20. c4 Qf4+ 21. Kc2 Qxf3 22. Bd3 dxc4 23. Bxc4 Ne5 24. Bb3 Qxf2+ 25. Kb1 Nd3 26. Bc2 Qf3 27. Qb3 Ne5 28. Qxf3 Nxf3 29. Rhd1 Rd6 30. Be4 Ne5 31. Rc2 h6 32. Rcd2 f5 33. Bg2 Rfd8 34. Bf1 Nf3 35. Kb2 Nxd2 36. Rxd2 d3 37. Bxd3 Rxd3 38. Re2 Rd2+ 39. Rxd2 Rxd2+ 40. Kc3 Rh2 41. a4 Rxh3+ 42. Kc4 Rh4+ 43. Kc5 f4 44. a5 f3 45. Kb5 f2 46. Ka6 f1=Q+ 47. b5 Rb4 48. Kxa7 Qxb5 49. a6 Qb8# 0-1


[Site "https://www.chess.com"]

[Event "Titled Tuesday Blitz May 9 Early 2023"]
[White "Kiseleva, Arina"]
[Black "Balla, Tamas-Kristof"]
[WhiteFideId "4164989"]
[BlackFideId "1208497"]
[WhiteElo "1708"]
[BlackElo "2334"]
[Result "1-0"]
[Round "05"]
[TimeControl "180+2"]
[Date "2023.05.09"]
[WhiteClock "0:00:11"]
[BlackClock "0:00:01"]

1. d4 d5 2. Nf3 Nf6 3. e3 Bg4 4. Be2 e6 5. Nbd2 c5 6. h3 Bh5 7. O-O Nc6 8. a3 Bd6 9. dxc5 Bxc5 10. b4 Bd6 11. Bb2 O-O 12. c4 Rc8 13. Qb3 dxc4 14. Nxc4 Bb8 15. Rac1 Ne4 16. Rfd1 Qe7 17. b5 Nd8 18. Be5 Bxe5 19. Ncxe5 Rxc1 20. Rxc1 b6 21. Bd3 Nc5 22. Qb4 Qf6 23. Bb1 Ndb7 24. Ng4 Qd8 25. Qf4 Bg6 26. Bxg6 hxg6 27. Nge5 Nd3 28. Nxd3 Qxd3 29. Ng5 Qxa3 30. Rc7 Qa1+ 31. Kh2 Rd8 32. Qxf7+ Kh8 33. Rxb7 Qe5+ 34. f4 Qb2 35. Qxg6 1-0


[Site "https://www.chess.com"]

[Event "Titled Tuesday Blitz May 9 Early 2023"]
[White "Feinig, Mario"]
[Black "Ramirez, Maria Eugenia"]
[WhiteFideId "1618113"]
[BlackFideId "3301680"]
[WhiteElo "2163"]
[BlackElo "1842"]
[Result "0-1"]
[Round "05"]
[TimeControl "180+2"]
[Date "2023.05.09"]
[WhiteClock "0:00:39"]
[BlackClock "0:01:41"]

1. c4 Nf6 2. Nc3 e6 3. g3 d5 4. Bg2 c6 5. b3 Bb4 6. Bb2 d4 7. Ne4 e5 8. a3 Be7 9. Nxf6+ Bxf6 10. d3 O-O 11. Nf3 g6 12. O-O Bg7 13. e3 dxe3 14. fxe3 Re8 15. d4 e4 16. Nd2 f5 17. Qc2 Qg5 18. Rfe1 Nd7 19. Nf1 Nf6 20. b4 Ng4 21. d5 Ne5 22. Qc3 0-1


[Site "https://www.chess.com"]

[Event "Titled Tuesday Blitz May 9 Early 2023"]
[White "Tarasova, Viktoriya"]
[Black "Floresvillar Gonzalez, Luis Migu"]
[WhiteFideId "4175840"]
[BlackFideId "5100542"]
[WhiteElo "2182"]
[BlackElo "2040"]
[Result "1-0"]
[Round "05"]
[TimeControl "180+2"]
[Date "2023.05.09"]
[WhiteClock "0:00:09"]
[BlackClock "0:00:00"]

1. d4 d5 2. c4 c6 3. Nf3 Nf6 4. Nc3 dxc4 5. a4 Bf5 6. Ne5 e6 7. f3 Bb4 8. Kf2 Nbd7 9. Nxc4 O-O 10. e4 Bg6 11. Be3 Re8 12. a5 e5 13. Be2 exd4 14. Bxd4 Bc5 15. Bxc5 Nxc5 16. Qxd8 Raxd8 17. Rad1 Kf8 18. g4 Ke7 19. h4 h6 20. g5 hxg5 21. hxg5 Nh5 22. Rxd8 Rxd8 23. Rh4 Nd3+ 24. Ke3 Ndf4 25. Rxf4 Nxf4 26. Kxf4 b5 27. axb6 axb6 28. Nxb6 Rd2 29. Nc4 Rc2 30. Ke3 Rc1 31. f4 f6 32. gxf6+ gxf6 33. Kd2 Rg1 34. b4 Rg2 35. e5 fxe5 36. fxe5 Bh5 37. Ke3 Bxe2 38. Nxe2 Rh2 39. Na5 Kd7 40. Nd4 Rh3+ 41. Ke4 Rh4+ 42. Kd3 Rh3+ 43. Kc4 Rh1 44. Naxc6 Rc1+ 45. Kd5 Rb1 46. b5 Kc7 47. e6 Re1 48. e7 Kb6 49. Ne6 Rd1+ 50. Ke5 Re1+ 51. Kf6 Rf1+ 52. Kg7 Rg1+ 53. Kf8 Rf1+ 54. Kg8 Rg1+ 55. Kf8 Rf1+ 56. Ke8 Re1 57. Kd7 Rd1+ 58. Ncd4 Rc1 59. e8=Q Ka5 60. Qa8+ 1-0


[Site "https://www.chess.com"]

[Event "Titled Tuesday Blitz May 9 Early 2023"]
[White "Schut, Han"]
[Black "Pasti, Aron"]
[WhiteFideId "1005561"]
[BlackFideId "785857"]
[WhiteElo "2024"]
[BlackElo "2173"]
[Result "1-0"]
[Round "05"]
[TimeControl "180+2"]
[Date "2023.05.09"]
[WhiteClock "0:02:32"]
[BlackClock "0:02:14"]

1. e4 c5 2. Nf3 e6 3. c4 Nc6 4. Nc3 Nd4 5. Be2 Ne7 6. O-O Nec6 7. d3 g6 8. Be3 Bg7 9. Bxd4 cxd4 10. Nb5 d5 11. exd5 exd5 12. cxd5 Qxd5 13. Nc7+ 1-0


[Site "https://www.chess.com"]

[Event "Titled Tuesday Blitz May 9 Early 2023"]
[White "petr577"]
[Black "Mika, Tomasz"]
[BlackFideId "1132970"]
[WhiteElo "2200"]
[BlackElo "2179"]
[Result "0-1"]
[Round "05"]
[TimeControl "180+2"]
[Date "2023.05.09"]
[WhiteClock "0:00:06"]
[BlackClock "0:00:13"]

1. d4 d5 2. c4 e6 3. Nf3 Nf6 4. g3 Bb4+ 5. Bd2 Be7 6. Bg2 O-O 7. O-O dxc4 8. Qc2 a6 9. Qxc4 b5 10. Qc2 Bb7 11. Ba5 Nc6 12. Bc3 b4 13. Bd2 Nxd4 14. Nxd4 Bxg2 15. Nxe6 Qd5 16. Nf4 Qe4 17. Qxe4 Bxe4 18. Rc1 c5 19. f3 Bb7 20. e4 g5 21. Nd3 g4 22. Nxc5 Bxc5+ 23. Rxc5 gxf3 24. Rg5+ Kh8 25. Bxb4 Nxe4 26. Rf5 Rfd8 27. Nc3 Rd2 28. Nxe4 Rg2+ 29. Kf1 Bxe4 30. Rg5 f6 31. Bc3 Bd3+ 32. Ke1 Re8+ 33. Kd1 Re6 34. b3 f2 35. Rf5 f1=Q+ 36. Rxf1 Bxf1 37. Rc1 Bb5 38. a4 Rd6+ 39. Ke1 Re2+ 40. Kf1 Rc2+ 41. axb5 Rxc1+ 42. Ke2 Rxc3 0-1


[Site "https://www.chess.com"]

[Event "Titled Tuesday Blitz May 9 Early 2023"]
[White "LeoLV10"]
[Black "Tarnowska, Aleksandra"]
[BlackFideId "1180967"]
[WhiteElo "2389"]
[BlackElo "1776"]
[Result "1-0"]
[Round "05"]
[TimeControl "180+2"]
[Date "2023.05.09"]
[WhiteClock "0:00:38"]
[BlackClock "0:00:01"]

1. e4 c5 2. Nf3 e6 3. d4 cxd4 4. Nxd4 a6 5. Bd3 Bc5 6. Nb3 Be7 7. O-O d6 8. c4 Nd7 9. Nc3 Qc7 10. Nd2 b6 11. Re1 Bb7 12. b3 Ngf6 13. Bb2 Ne5 14. Bf1 Ng6 15. Rc1 h5 16. h3 Rd8 17. Qc2 Nf4 18. b4 h4 19. Nf3 Rh5 20. a4 g5 21. Nd4 g4 22. hxg4 Nxg4 23. f3 Ne5 24. Na2 h3 25. g3 Nxf3+ 26. Nxf3 Ng6 27. Kh2 Kd7 28. a5 Rg8 29. axb6 Qb8 30. c5 d5 31. c6+ Bxc6 32. Qxc6+ Kd8 33. Qc7+ Qxc7 34. bxc7+ Kc8 35. exd5 exd5 36. Bxa6+ Kd7 37. c8=Q+ Rxc8 38. Bxc8+ Kd6 39. Bg4 Rh7 40. b5 f6 41. Rc6# 1-0


[Site "https://www.chess.com"]

[Event "Titled Tuesday Blitz May 9 Early 2023"]
[White "Mazurkiewicz, Michal"]
[Black "Dahlgren, James Allen"]
[WhiteFideId "1124943"]
[BlackFideId "22256873"]
[WhiteElo "2054"]
[BlackElo "2191"]
[Result "0-1"]
[Round "05"]
[TimeControl "180+2"]
[Date "2023.05.09"]
[WhiteClock "0:00:00"]
[BlackClock "0:00:06"]

1. e4 e6 2. d3 c5 3. Nd2 d5 4. Ngf3 f5 5. Qe2 Be7 6. g3 Nf6 7. Bg2 O-O 8. O-O Nc6 9. c3 b5 10. e5 Nd7 11. c4 bxc4 12. dxc4 d4 13. Nb3 Qb6 14. Bf4 a5 15. Nc1 a4 16. Nd3 Ba6 17. Rac1 Rfb8 18. h4 Nb4 19. Nxb4 Qxb4 20. Ne1 Bb7 21. Nd3 Qb6 22. Bxb7 Rxb7 23. g4 fxg4 24. Qxg4 Rf8 25. Kh2 Qd8 26. Rg1 Rf7 27. h5 Nf8 28. Bh6 Bh4 29. Rg2 Kh8 30. Rcg1 g6 31. Bxf8 Rxf8 32. hxg6 hxg6 33. Qh3 Rh7 34. Rxg6 Bxf2 35. Rh6 Bxg1+ 0-1


[Site "https://www.chess.com"]

[Event "Titled Tuesday Blitz May 9 Early 2023"]
[White "Chemin, Justo Reinaldo"]
[Black "Marcziter, Dmitrii"]
[WhiteFideId "2101580"]
[BlackFideId "13900765"]
[WhiteElo "1940"]
[BlackElo "2162"]
[Result "1/2-1/2"]
[Round "05"]
[TimeControl "180+2"]
[Date "2023.05.09"]
[WhiteClock "0:00:11"]
[BlackClock "0:00:18"]

1. e4 c5 2. Nf3 a6 3. d3 Nc6 4. b3 e6 5. Bb2 d5 6. Nbd2 Nf6 7. e5 Nd7 8. Qe2 g5 9. h3 h5 10. O-O-O Bg7 11. Re1 g4 12. hxg4 hxg4 13. Rxh8+ Bxh8 14. Nh2 Bxe5 15. Nxg4 Bxb2+ 16. Kxb2 Qg5 17. Ne3 b5 18. Nf3 Qg7+ 19. Kb1 Nb6 20. Nf5 Qf8 21. Ne5 Bb7 22. Nxc6 Bxc6 23. Qe5 O-O-O 24. Ng3 Qh8 25. Qf4 Qg7 26. Be2 d4 27. Bf3 Bd5 28. Ne4 Qf8 29. Rh1 c4 30. dxc4 bxc4 31. Nf6 d3 32. Nxd5 exd5 33. Bg4+ Kb7 34. Rh7 dxc2+ 35. Kxc2 cxb3+ 36. axb3 Qc5+ 37. Kb2 Rf8 38. Rxf7+ Rxf7 39. Qxf7+ Kb8 40. Qe8+ Kb7 41. Qf7+ Kb8 42. Qe8+ Kb7 43. Qf7+ 1/2-1/2


[Site "https://www.chess.com"]

[Event "Titled Tuesday Blitz May 9 Early 2023"]
[White "KSho99"]
[Black "Andrews, Todd"]
[BlackFideId "2012456"]
[WhiteElo "2162"]
[BlackElo "2173"]
[Result "0-1"]
[Round "05"]
[TimeControl "180+2"]
[Date "2023.05.09"]
[WhiteClock "0:00:00"]
[BlackClock "0:00:47"]

1. Nf3 Nf6 2. d4 c5 3. d5 b5 4. a4 Bb7 5. e4 Nxe4 6. axb5 g6 7. c4 Bg7 8. Bd3 Nf6 9. Nc3 O-O 10. O-O d6 11. Re1 Nbd7 12. Bf4 Ng4 13. Qd2 Nge5 14. Nxe5 Nxe5 15. Bf1 a6 16. Bh6 axb5 17. Nxb5 Bxh6 18. Qxh6 Qd7 19. Nc3 Qf5 20. Rad1 Rfe8 21. Ne4 Ra2 22. Ng5 Qxf2+ 23. Kh1 Qf6 24. Qxh7+ Kf8 25. Re3 Qg7 26. Qxg7+ Kxg7 27. Ne4 Rxb2 0-1


[Site "https://www.chess.com"]

[Event "Titled Tuesday Blitz May 9 Early 2023"]
[White "Tuleyeva-Aketayeva, Dana"]
[Black "Llanos, Guillermo"]
[WhiteFideId "13701932"]
[BlackFideId "100358"]
[WhiteElo "2030"]
[BlackElo "2225"]
[Result "1-0"]
[Round "05"]
[TimeControl "180+2"]
[Date "2023.05.09"]
[WhiteClock "0:00:03"]
[BlackClock "0:00:00"]

1. d4 f5 2. Nf3 Nf6 3. g3 e6 4. Bg2 d5 5. O-O Bd6 6. c4 c6 7. Nc3 O-O 8. Rb1 b6 9. b4 Bb7 10. Nd2 Qe7 11. b5 Ne4 12. Ndxe4 fxe4 13. Be3 Kh8 14. a4 Nd7 15. Qc2 c5 16. Rbd1 cxd4 17. Bxd4 e5 18. Bxb6 Nxb6 19. cxd5 Rac8 20. Qb3 e3 21. fxe3 Rxf1+ 22. Bxf1 Nc4 23. Ne4 h6 24. Bh3 Rc7 25. Rc1 Na5 26. Qd1 Rxc1 27. Qxc1 Qc7 28. Qxc7 Bxc7 29. d6 Bd8 30. Nc5 Bd5 31. Be6 Bxe6 32. Nxe6 Nb7 33. d7 Kg8 34. a5 Kf7 35. a6 Nd6 36. Nxd8+ Ke7 37. b6 Nb5 38. b7 Kxd7 39. b8=Q e4 40. Qxb5+ Kxd8 41. Qd5+ 1-0


[Site "https://www.chess.com"]

[Event "Titled Tuesday Blitz May 9 Early 2023"]
[White "Sailer, Mike"]
[Black "Luberanski, Jakub"]
[WhiteFideId "2012901"]
[BlackFideId "21830509"]
[WhiteElo "2109"]
[BlackElo "2255"]
[Result "0-1"]
[Round "05"]
[TimeControl "180+2"]
[Date "2023.05.09"]
[WhiteClock "0:00:07"]
[BlackClock "0:00:46"]

1. d4 Nf6 2. Bg5 Ne4 3. Bf4 d5 4. f3 Nf6 5. Nc3 Bf5 6. g4 Bg6 7. h4 h6 8. Nb5 Na6 9. e3 c6 10. Nc3 e6 11. Bd3 Bxd3 12. Qxd3 Qb6 13. O-O-O Qa5 14. Nge2 Nb4 15. Qd2 Nxa2+ 16. Kb1 Nxc3+ 17. Nxc3 Bb4 18. g5 hxg5 19. hxg5 Nh5 20. Be5 O-O-O 21. Rh4 f6 22. gxf6 gxf6 23. Bh2 Bxc3 24. bxc3 Ng7 25. Rxh8 Rxh8 26. Qg2 Nf5 27. e4 Ne3 28. Qg3 Rxh2 29. Qxh2 Nxd1 30. Qd6 Nxc3+ 31. Kb2 Na4+ 32. Kb3 Qc3+ 33. Kxa4 b5# 0-1


[Site "https://www.chess.com"]

[Event "Titled Tuesday Blitz May 9 Early 2023"]
[White "Melikhov, Evgeny V."]
[Black "Levine, David"]
[WhiteFideId "4122046"]
[BlackFideId "2011611"]
[WhiteElo "2158"]
[BlackElo "2129"]
[Result "1-0"]
[Round "05"]
[TimeControl "180+2"]
[Date "2023.05.09"]
[WhiteClock "0:00:28"]
[BlackClock "0:00:00"]

1. d4 d5 2. c4 dxc4 3. Nf3 Nf6 4. e3 e6 5. Bxc4 c5 6. O-O Nc6 7. Qe2 cxd4 8. Rd1 Be7 9. exd4 O-O 10. Nc3 Nb4 11. Bg5 Bd7 12. d5 exd5 13. Bxf6 Bxf6 14. Nxd5 Nxd5 15. Bxd5 Qc8 16. Rac1 Bc6 17. Bxc6 bxc6 18. b3 Qc7 19. Qe4 Rfc8 20. Rc4 Qa5 21. Ra4 Qb5 22. Qc4 a5 23. Rc1 g6 24. h3 Qb6 25. Qc5 Qa6 26. Rac4 Kg7 27. Qd6 Qb5 28. Rxc6 Rxc6 29. Qxc6 Qxc6 30. Rxc6 a4 31. b4 a3 32. b5 Ra5 33. Ra6 Rxb5 34. Rxa3 Rb1+ 35. Kh2 Rb2 36. Kg3 h5 37. Ra7 g5 38. h4 g4 39. Ng5 Bxg5 40. hxg5 Kg6 41. f4 h4+ 42. Kxg4 Rxg2+ 43. Kxh4 1-0


[Site "https://www.chess.com"]

[Event "Titled Tuesday Blitz May 9 Early 2023"]
[White "Harriott, Tyrell"]
[Black "Butti, Enrique"]
[WhiteFideId "2086484"]
[BlackFideId "3700470"]
[WhiteElo "2107"]
[BlackElo "2080"]
[Result "1-0"]
[Round "05"]
[TimeControl "180+2"]
[Date "2023.05.09"]
[WhiteClock "0:02:00"]
[BlackClock "0:01:19"]

1. d4 Nf6 2. e3 g6 3. Bd3 Bg7 4. f4 O-O 5. Nf3 d5 6. O-O c5 7. c3 b6 8. Nbd2 Ba6 9. Bxa6 Nxa6 10. b3 Nc7 11. Bb2 e6 12. Ne5 Ne4 13. Nxe4 dxe4 14. c4 f6 15. Ng4 cxd4 16. exd4 f5 17. Ne5 Bxe5 18. fxe5 Qh4 19. d5 exd5 20. cxd5 Rad8 21. d6 Ne6 22. Qd5 Rfe8 23. Rac1 Rd7 24. Rc8 Kf7 25. Rxe8 Kxe8 26. Qxe6+ 1-0


[Site "https://www.chess.com"]

[Event "Titled Tuesday Blitz May 9 Early 2023"]
[White "Makhmudov, Shukhrat"]
[Black "Torres Dominguez, David"]
[WhiteFideId "14200775"]
[BlackFideId "2220857"]
[WhiteElo "2135"]
[BlackElo "1999"]
[Result "1-0"]
[Round "05"]
[TimeControl "180+2"]
[Date "2023.05.09"]
[WhiteClock "0:00:30"]
[BlackClock "0:00:00"]

1. e4 Nc6 2. d4 e5 3. d5 Nce7 4. d6 Nc6 5. dxc7 Qxc7 6. Nc3 Nf6 7. Bg5 Be7 8. Bxf6 Bxf6 9. Nd5 Qd8 10. Nxf6+ Qxf6 11. c3 O-O 12. Nf3 d5 13. exd5 e4 14. Nd4 Nxd4 15. Qxd4 Qxd4 16. cxd4 Rd8 17. Bc4 a6 18. Kd2 b5 19. Bb3 Bb7 20. Ke3 f5 21. g4 fxg4 22. Rhg1 Bxd5 23. Bxd5+ Rxd5 24. Rxg4 Rad8 25. Rxe4 Kf7 26. Rc1 R8d7 27. Rc6 a5 28. b3 b4 29. f4 Rh5 30. Re5 Rxh2 31. Rxa5 Rh1 32. Rf5+ Ke7 33. Re5+ Kf7 34. Rc2 Rd1 35. Re4 h5 36. Rd2 Re1+ 37. Kd3 Rf1 38. Kc4 h4 39. Kxb4 Rf3 40. d5 Kf6 41. f5 h3 42. Rh4 Kxf5 43. a4 g5 44. Rh8 g4 45. Re2 Kf4 46. Rf8+ Kg3 47. Kc5 1-0


[Site "https://www.chess.com"]